 Dungeon Sprint DCSS version 0.20.1-1-g8b1a95d (webtiles) character file.

1237 wojtek the Cleaver (level 8, -4/117 HPs)
             Began as a Minotaur Berserker on Dec 28, 2017.
             Was an Elder of Trog.
             Slain by a demonic crawler (9 damage)
             ... in the Dungeon (Sprint I: "Red Sonja").
             The game lasted 00:01:58 (965 turns).

wojtek the Cleaver (Minotaur Berserker)              Turns: 965, Time: 00:02:00

Health: -4/117     AC:  7    Str: 28    XL:     8   Next: 24%
Magic:  7/7        EV: 15    Int:  4    God:    Trog [****..]
Gold:   405        SH:  0    Dex: 11    Spells: 7/7 levels left

rFire    . . .     SeeInvis .   a - +0 hand axe
rCold    . . .     Gourm    .   (no shield)
rNeg     . . .     Faith    .   k - +0 ring mail
rPois    .         Spirit   .   (helmet restricted)
rElec    .         Reflect  .   (no cloak)
rCorr    .         Harm     .   (no gloves)
MR       .....     NoTele   +   (no boots)
Stlth    ..........             (no amulet)
Regen    0.3/turn               (no ring)
MPRegen  0.1/turn               (no ring)

@: berserking, very quick
A: retaliatory headbutt, horns 2
a: Berserk, Trog's Hand, Brothers in Arms, Burn Spellbooks, Renounce Religion


You were in the Dungeon.
You worshipped Trog.
Trog was greatly pleased with you.
You were near starving.

You visited 1 branch You collected 405 gold pieces.

Inventory:

Hand Weapons
 a - a +0 hand axe (weapon)
Armour
 b - a +0 animal skin
 k - a +0 ring mail (worn)
Wands
 j - a wand of digging (7/24)
 l - a wand of digging (8/24)
Scrolls
 i - a scroll of blinking
Potions
 d - a potion of curing
 e - a potion of heal wounds
 f - 2 potions of haste
 g - 2 potions of magic
 n - a potion of might {unknown}
Comestibles
 c - a bread ration


   Skills:
 + Level 9.5 Fighting
 * Level 12.9 Axes
 * Level 12.6 Armour
 + Level 8.4 Dodging


You had 7 spell levels left.
You didn't know any spells.

Dungeon Overview and Level Annotations

Branches:
Dungeon (1/1)

Altars:
Cheibriados
Dithmenos
Elyvilon
Fedhas
Gozag
Hepliaklqana
Kikubaaqudgha
Makhleb
Nemelex Xobeh
Okawaru
Qazlal
Ru
Sif Muna
Trog
Uskayaw
Vehumet
Xom
Yredelemnul
Zin
The Shining One
Jiyva
Lugonu

Shops:
D (


Innate Abilities, Weirdness & Mutations

You reflexively headbutt those who attack you in melee.
You have a pair of horns on your head.


Message History

The demonic crawler completely misses you.
You furiously retaliate!
You headbutt the demonic crawler. The demonic crawler barely misses you.
The demonic crawler completely misses you.
You slash the demonic crawler!
The demonic crawler is severely wounded.
You hit the demonic crawler but do no damage.
The demonic crawler hits you but does no damage.
The demonic crawler closely misses you. The demonic crawler hits you.
* * * LOW HITPOINT WARNING * * *
The demonic crawler hits you.
* * * LOW HITPOINT WARNING * * *
The demonic crawler hits you but does no damage. x2
You slash the demonic crawler!
The demonic crawler is almost dead.
You hit the demonic crawler but do no damage.
The demonic crawler hits you!
* * * LOW HITPOINT WARNING * * *
The demonic crawler hits you!
You die...

##################
.#..'..#__#..')..#
.').#..'..'..#).s##+#
'#####'#__####..@ss.#
.#...#.#### #####s.+
##..##.# ## _##'#..+
..'..._# _##_.#+#
_###+# ##


You could see 4 demonic crawlers.

Vanquished Creatures
  2 kobold demonologists (D)
  A slime creature (D)
  Sigmund (D)
  A yak (D)
  A floating eye (D)
  An ogre (D)
  A jelly (D)
  Ijyb (D)
9 creatures vanquished.

Vanquished Creatures (others)
  A gargoyle (D)
1 creature vanquished.

Grand Total: 10 creatures vanquished

Notes
Turn   | Place    | Note
-------+----------+-------------------------------------------
     0 | D        | wojtek the Minotaur Berserker began the quest for the Orb.
     0 | D        | Reached XP level 1. HP: 19/19 MP: 0/0
     2 | D        | Noticed Ijyb
    13 | D        | Killed Ijyb
    13 | D        | Reached skill level 5 in Axes
    13 | D        | Reached XP level 2. HP: 18/28 MP: 1/1
   125 | D        | Noticed an ogre
   131 | D        | Killed an ogre
   131 | D        | Reached skill level 5 in Fighting
   131 | D        | Reached XP level 3. HP: 20/36 MP: 2/2
   131 | D        | Reached XP level 4. HP: 23/42 MP: 3/3
   303 | D        | Noticed Sigmund
   309 | D        | Killed Sigmund
   309 | D        | Reached ** piety under Trog
   309 | D        | Reached skill level 5 in Dodging
   309 | D        | Reached XP level 5. HP: 52/52 MP: 4/4
   309 | D        | Reached XP level 6. HP: 60/60 MP: 5/5
   350 | D        | Found a burning altar of Makhleb.
   350 | D        | Found a viscous altar of Jiyva.
   350 | D        | Found a shimmering altar of Xom.
   350 | D        | Found a corrupted altar of Lugonu.
   350 | D        | Noticed a slime creature
   361 | D        | Killed a slime creature
   361 | D        | Reached skill level 10 in Axes
   361 | D        | Reached skill level 10 in Armour
   520 | D        | Found a deep blue altar of Sif Muna.
   522 | D        | Found a radiant altar of Vehumet.
   545 | D        | Found Suusaem's Antique Weapon Emporium.
   545 | D        | Found an ancient bone altar of Kikubaaqudgha.
   545 | D        | Found a hazy altar of Hepliaklqana.
   545 | D        | Found a hide-covered altar of Uskayaw.
   545 | D        | Found a basalt altar of Yredelemnul.
   545 | D        | Found an opulent altar of Gozag.
   545 | D        | Found a snail-covered altar of Cheibriados.
   545 | D        | Found a sacrificial altar of Ru.
   545 | D        | Found a shadowy altar of Dithmenos.
   545 | D        | Noticed a yak
   558 | D        | HP: 3/61 [yak (8)]
   560 | D        | Killed a yak
   560 | D        | Reached *** piety under Trog
   560 | D        | Reached XP level 7. HP: 5/69 MP: 6/6
   561 | D        | Found a stormy altar of Qazlal.
   561 | D        | Found a blossoming altar of Fedhas.
   561 | D        | Found a bloodstained altar of Trog.
   561 | D        | Found an iron altar of Okawaru.
   561 | D        | Found a glowing golden altar of the Shining One.
   561 | D        | Found a glowing silver altar of Zin.
   561 | D        | Found a white marble altar of Elyvilon.
   565 | D        | Found a sparkling altar of Nemelex Xobeh.
   890 | D        | Noticed a kobold demonologist
   891 | D        | Noticed a chaos spawn
   891 | D        | Noticed a kobold demonologist
   894 | D        | Paralysed by a floating eye for 4 turns
   900 | D        | Killed a kobold demonologist
   905 | D        | Killed a kobold demonologist
   905 | D        | Reached **** piety under Trog
   905 | D        | Reached XP level 8. HP: 78/78 MP: 7/7
   922 | D        | Killed a gargoyle
   952 | D        | Noticed a demonic crawler
   952 | D        | Noticed a demonic crawler
   952 | D        | Noticed a demonic crawler
   952 | D        | Noticed a demonic crawler
   965 | D        | HP: 5/117 [demonic crawler (7)]
   965 | D        | Slain by a demonic crawler

Skill      XL: |  1  2  3  4  5  6  7 |
---------------+----------------------+-----
Fighting       | 4 5 7 8 9 |  9.5
Axes           | 5 7 9 11 12 | 12.9
Armour         | 4 6 9 11 12 | 12.6
Dodging        | 3 4 5 7 8 |  8.4

Action                   |  1- 3 |  4- 6 |  7- 9 || total
-------------------------+-------+-------+-------++-------
Melee: Hand axe          |    14 |    29 |    22 ||    65
       Headbutt          |     1 |    13 |     6 ||    20
Invok: Berserk           |     1 |     2 |     1 ||     4
  Use: Potion            |       |       |     1 ||     1
  Eat: Chunk             |       |       |     2 ||     2
Armor: Ring mail         |       |     1 |    10 ||    11
Dodge: Dodged            |     7 |     7 |    25 ||    39
